 Dungeon Crawl Stone Soup version 0.21.1-1-g345015fe64 (webtiles) character file.

658 Pelesz the Gusty (level 7, -1/58 HPs)
             Began as a White Draconian Air Elementalist on June 10, 2018.
             Was an Initiate of Sif Muna.
             Killed by divine providence
             ... invoked by an orc priest
              (12 damage)
             ... on level 4 of the Dungeon on June 14, 2018.
             The game lasted 01:03:38 (5674 turns).

Pelesz the Gusty (White Draconian Air Elementalist) Turns: 5674, Time: 01:03:38

Health: -1/58      AC:  6    Str: 10    XL:     7   Next: 30%
Magic:  9/12       EV: 13    Int: 17    God:    Sif Muna [......]
Gold:   194        SH:  0    Dex: 12    Spells: 12/13 levels left

rFire    . . .     SeeInvis .   k - +4 whip
rCold    + . .     Gourm    .   (no shield)
rNeg     . . .     Faith    .   (armour unavailable)
rPois    .         Spirit   .   (helmet restricted)
rElec    .         Reflect  .   (no cloak)
rCorr    .         Harm     .   (no gloves)
MR       .....                  (no boots)
Stlth    ++........             (no amulet)
HPRegen  0.19/turn              (no ring)
MPRegen  0.13/turn              (no ring)

@: very slightly contaminated
A: breathe frost, unfitting armour, cold resistance 1, cold-blooded, AC +6
a: Breathe Frost, Renounce Religion


You were on level 4 of the Dungeon.
You worshipped Sif Muna.
Sif Muna was noncommittal.
You were not hungry.

You visited 2 branches of the dungeon, and saw 6 of its levels.

You collected 194 gold pieces.

Inventory:

Hand Weapons
 k - a +4 whip (weapon)
 y - a +0 hunting sling of freezing
Missiles
 c - 150 stones (quivered)
Armour
 l - a +0 robe
 o - a +0 robe
Jewellery
 d - an uncursed amulet of the gourmand {unknown}
Wands
 p - a wand of digging (9)
 t - a wand of scattershot (4)
 u - a wand of acid (8)
Scrolls
 e - 4 scrolls of teleportation {unknown}
 g - a scroll of identify {unknown}
 m - a scroll of remove curse {unknown}
 n - a scroll of enchant weapon {unknown}
 q - a scroll of blinking {unknown}
 s - a scroll of noise {unknown}
 v - a scroll of amnesia {unknown}
 w - a scroll of fear {unknown}
Potions
 f - a potion of invisibility {unknown}
 h - 2 potions of curing {unknown}
 i - 2 potions of haste
 j - a potion of agility {unknown}
 r - 2 potions of degeneration {unknown}
Books
 a - a book of Air

   Spells                             Type                      Level
   a - Shock                          Conjuration/Air              1
   b - Swiftness                      Charms/Air                   2
   c - Static Discharge               Conjuration/Air              3
   d - Airstrike                      Air                          4
   e - Lightning Bolt                 Conjuration/Air              5
Comestibles
 b - 2 rations


   Skills:
 + Level 3.7 Fighting
 + Level 3.0 Maces & Flails
 + Level 3.5 Dodging
 - Level 1.7 Stealth
 - Level 1.2 Unarmed Combat
 + Level 3.6 Spellcasting
 - Level 1.0 Conjurations
 * Level 4.6 Air Magic


You had 12 spell levels left.
You knew the following spells:

 Your Spells              Type           Power        Failure   Level  Hunger
a - Shock                 Conj/Air       ##..         5%          1    None


Dungeon Overview and Level Annotations

Branches:
Dungeon (5/15)             Temple (1/1) D:4

Altars:
Dithmenos
Elyvilon
Fedhas
Hepliaklqana
Makhleb
Nemelex Xobeh
Okawaru
Qazlal
Ru
Sif Muna
Vehumet
Wu Jian
Xom
Yredelemnul
Zin
The Shining One

Shops:
D:4 (

Annotations:
D:2 Sigmund


Innate Abilities, Weirdness & Mutations

You can breathe waves of freezing cold.
You can buffet flying creatures when you breathe cold.
Your icy white scales are hard. (AC +6)
You cannot fit into any form of body armour.
Your flesh is cold resistant. (rC+)
You are cold-blooded and may be slowed by cold attacks.


Message History

There is a stone staircase leading up here.
The orc priest calls upon Beogh to heal the orc priest.
The orc priest's wounds heal themselves!
You climb upwards.
There is a stone staircase leading down here.
You barely miss the orc priest. The orc priest barely misses you.
You hit the orc priest but do no damage.
The orc priest invokes the aid of Beogh against you.
Beogh smites you!
* * * LOW HITPOINT WARNING * * *
You hit the orc priest.
The orc priest is lightly wounded.
The orc priest hits you but does no damage.
You hit the orc priest but do no damage.
The orc priest is lightly wounded.
The orc priest hits you.
* * * LOW HITPOINT WARNING * * *
The orc priest invokes the aid of Beogh against you.
Beogh smites you!
You die...

.....§...§.#.......#
########
.....§.....#.......#
#......#
.....§.....#.......#
#######.#.#
....§......#.......# #...#
#.#.# ...........8..###'##
#...# #<#>#
.............####.####...#
#.#.#
...........8.>.#.........#
#.#.##
...........###o#####.....#
#.#...
.....§..§..#....@..#.....#
#.##..
§..........#...###.#..#'##
#.>'.. ...§.......#...#
#.#..#.# ####..
.§.........#...###....#.#
#..
......§§...#...#.....##.#
##..
############...#.##.....#
#... ...'..#
#.###..#....##### #.##
...#### #...<.......#
##### #.#. ...#
#..#############...# #.#.


You could see an orc priest.

Vanquished Creatures
  A sky beast (D:5)
  A phantom (D:4)
  2 orc priests
  4 orc wizards
  Natasha (thrice) (D:2)
  4 adders
  4 gnolls (D:4)
  A howler monkey skeleton (D:4)
  A river rat (D:4)
  An ooze (D:4)
  2 adder skeletons (D:4)
  2 dart slugs (D:1)
  7 worms
  4 leopard geckos
  15 orcs
  3 giant cockroaches
  7 goblins
  8 hobgoblins
  4 jackals (D:4)
  9 bats
  5 frilled lizards
  5 kobolds
  17 rats
110 creatures vanquished.

Vanquished Creatures (others)
  A rat (D:4)
1 creature vanquished.

Grand Total: 111 creatures vanquished

Notes
Turn   | Place    | Note
-------+----------+-------------------------------------------
     0 | D:1      | Pelesz the Draconian Air Elementalist began the quest for the Orb.
     0 | D:1      | Reached XP level 1. HP: 14/14 MP: 3/3
   521 | D:1      | Reached XP level 2. HP: 19/22 MP: 5/5
   849 | D:1      | Reached skill level 1 in Fighting
   985 | D:1      | Reached skill level 1 in Unarmed Combat
  1322 | D:1      | Reached XP level 3. HP: 26/28 MP: 6/6
  2005 | D:2      | Noticed Natasha
  2012 | D:2      | Killed Natasha
  2012 | D:2      | Reached skill level 1 in Maces & Flails
  2012 | D:2      | Reached XP level 4. HP: 26/36 MP: 3/7
  2288 | D:2      | Noticed Natasha
  2295 | D:2      | Killed Natasha
  2415 | D:2      | Noticed Natasha
  2421 | D:2      | Killed Natasha
  2421 | D:2      | Reached XP level 5. HP: 36/42 MP: 3/9
  2480 | D:2      | Noticed Sigmund
  2977 | D:3      | Found a radiant altar of Vehumet.
  3264 | D:4      | Noticed a phantom
  3482 | D:4      | Reached XP level 6. HP: 40/51 MP: 8/10
  3544 | D:4      | Reached skill level 4 in Air Magic
  3551 | D:4      | Found a shimmering altar of Xom.
  3578 | D:4      | Found a staircase to the Ecumenical Temple.
  3829 | D:4      | Found an ornate altar of the Wu Jian Council.
  3842 | D:4      | Found Sima Qul's Weapon Shop.
  4772 | D:4      | Your scales start taking on an icy white colour.
  4772 | D:4      | Reached XP level 7. HP: 44/57 MP: 12/12
  4772 | D:4      | Gained mutation: Your flesh is cold resistant. (rC+) [White Draconian growth]
  5441 | Temple   | Entered the Ecumenical Temple
  5557 | Temple   | Became a worshipper of Sif Muna the Loreminder
  5588 | D:5      | Entered Level 5 of the Dungeon
  5674 | D:4      | Killed from afar by an orc priest

Skill      XL: |  1  2  3  4  5  6  7 |
---------------+----------------------+-----
Dodging        | 2 3 |  3.5
Fighting       | 1 2 3 |  3.7
Unarmed Combat | 1 |  1.2
Maces & Flails | 1 2 3 |  3.0
Spellcasting   | 3 |  3.6
Air Magic      | 4 |  4.6
Stealth        | |  1.7
Conjurations   | |  1.0

Action                   |  1- 3 |  4- 6 |  7- 9 || total
-------------------------+-------+-------+-------++-------
Melee: Club              |    73 |       |       ||    73
       Unarmed           |    18 |       |       ||    18
       Tailslap          |    10 |    20 |     1 ||    31
       Whip              |    55 |   190 |    49 ||   294
       Punch             |       |       |     1 ||     1
Throw: Stone             |     2 |       |       ||     2
 Cast: Shock             |     9 |    77 |     7 ||    93
 Stab: Sleeping          |     6 |     1 |       ||     7
  Eat: Chunk             |     2 |     2 |       ||     4
       Ration            |     1 |     2 |     1 ||     4
Armor: Skin              |    56 |    49 |     8 ||   113
Dodge: Dodged            |   133 |   114 |    21 ||   268
